PIO (24 & UNDER)
EAU CLAIRE ESQUIRES @ CHULA VISTA TACOS
06/12/2030
 
TOP OF THE 1ST
Eau Claire Esquires batting - Pitching for Chula Vista Tacos : RHP Chet Miller
Pitching: RHP Chet Miller
Batting: LHB Matt Taylor 0-0: Ball
1-0: Foul Ball, location: 2F
1-1: Ground out 5-3 (Groundball, 56S)
Batting: RHB Kyle McIntyre 0-0: Ball
1-0: SINGLE (Flyball, 89S)
Batting: LHB Will Rhodes 0-0: Ball
1-0: Called Strike
Kyle McIntyre steals 2nd base
1-1: Ball
2-1: SINGLE (Groundball, 5D)
Kyle McIntyre to third
Runner from 3rd tries for Home, SAFE, no throw
Batting: LHB Steve Arnold 0-0: Foul Ball, location: 2F
0-1: Grounds into double play, 4-6-3 (Groundball, 4)
Top of the 1st over - 1 run, 2 hits, 0 errors, 0 left on base; Eau Claire 1 - Chula Vista 0
BOTTOM OF THE 1ST
Chula Vista Tacos batting - Pitching for Eau Claire Esquires : RHP Todd Bevins
Pitching: RHP Todd Bevins
Batting: RHB Kevin Wilson 0-0: DOUBLE (Line Drive, 78D)
Batting: RHB Juan García 0-0: Called Strike
0-1: Ball
1-1: Ball
2-1: Ball
3-1: SINGLE (Line Drive, 9S)
Kevin Wilson to third
Runner from 3rd tries for Home, SAFE, no throw
Batting: RHB Barrett Barr 0-0: Called Strike
0-1: Ball
1-1: Called Strike
1-2: Grounds into double play, 6-4-3 (Groundball, 6)
Batting: LHB Jean Beauchemin 0-0: Ground out 1-3 (Groundball, 15S)
Bottom of the 1st over - 1 run, 2 hits, 0 errors, 0 left on base; Eau Claire 1 - Chula Vista 1
TOP OF THE 2ND
Eau Claire Esquires batting - Pitching for Chula Vista Tacos : RHP Chet Miller
Batting: LHB Caleb Ruíz 0-0: Called Strike
0-1: Ball
1-1: Ball
2-1: Ball
3-1: Base on Balls
Batting: LHB Johnny Foley 0-0: Ball
1-0: Ball
2-0: Ball
3-0: Called Strike
3-1: Called Strike
3-2: Fielders Choice at 2nd, 4-6 (Groundball, 4M)
Batting: RHB Tom McBride 0-0: Called Strike
Johnny Foley steals 2nd base
0-1: Ball
1-1: Swinging Strike
1-2: Fly out, F4 (Popup, 4S)
Batting: SHB Paul Davenport 0-0: Called Strike
0-1: Ball
1-1: Ball
2-1: Ball
3-1: Fly out, F8 (Flyball, 8RM)
Top of the 2nd over - 0 runs, 0 hits, 0 errors, 1 left on base; Eau Claire 1 - Chula Vista 1
BOTTOM OF THE 2ND
Chula Vista Tacos batting - Pitching for Eau Claire Esquires : RHP Todd Bevins
Batting: RHB Guillermo Deleón 0-0: Fly out, F8 (Flyball, 8RD)
Batting: RHB Gonzalo García 0-0: Called Strike
0-1: Foul Ball, location: 2F
0-2: Ball
1-2: Foul Ball, location: 2F
1-2: Ball
2-2: Strikes out swinging
Batting: RHB Germán Ontiveros 0-0: Foul Ball, location: 2F
0-1: Foul Ball, location: 2F
0-2: Hit by Pitch
Pinch Runner at 1st Dale Miller:
Batting: RHB Miguel Murillo 0-0: Called Strike
0-1: Ball
1-1: Foul Ball, location: 2F
1-2: Ball
2-2: Fielders Choice at 2nd, 6-4 (Groundball, 6)
Bottom of the 2nd over - 0 runs, 0 hits, 0 errors, 1 left on base; Eau Claire 1 - Chula Vista 1
TOP OF THE 3RD
Eau Claire Esquires batting - Pitching for Chula Vista Tacos : RHP Chet Miller
Now at 1B: Dale Miller
Batting: RHB Silas Small 0-0: Foul Ball, location: 2F
0-1: Foul Ball, location: 2F
0-2: Strikes out swinging
Batting: LHB Matt Taylor 0-0: Foul Ball, location: 2F
0-1: Called Strike
0-2: Foul Ball, location: 2F
0-2: Ball
1-2: Ball
2-2: Ball
3-2: Foul Ball, location: 2F
3-2: Base on Balls
Batting: RHB Kyle McIntyre 0-0: Called Strike
0-1: Ball
1-1: Foul Ball, location: 2F
1-2: Ball
2-2: Foul Ball, location: 2F
2-2: Foul Ball, location: 2F
2-2: Ball
3-2: Foul Ball, location: 2F
3-2: SINGLE (Groundball, 6MD)
Matt Taylor to second
Batting: LHB Will Rhodes 0-0: Foul Ball, location: 2F
0-1: Ball
1-1: Foul Ball, location: 2F
1-2: Ball
2-2: Ball
3-2: Foul Ball, location: 2F
3-2: SINGLE (Groundball, 34D)
Matt Taylor to third
Kyle McIntyre to second
Runner from 3rd tries for Home, SAFE, no throw
Batting: LHB Steve Arnold 0-0: Ball
1-0: Called Strike
1-1: Foul Ball, location: 2F
1-2: 3-RUN HOME RUN (Flyball, 9D), Distance : 389 ft
Batting: LHB Caleb Ruíz 0-0: Called Strike
0-1: Swinging Strike
0-2: Fly out, F8 (Flyball, 89D)
Batting: LHB Johnny Foley 0-0: Ball
1-0: Foul Ball, location: 2F
1-1: Called Strike
1-2: Fly out, F9 (Flyball, 9)
Top of the 3rd over - 4 runs, 3 hits, 0 errors, 0 left on base; Eau Claire 5 - Chula Vista 1
BOTTOM OF THE 3RD
Chula Vista Tacos batting - Pitching for Eau Claire Esquires : RHP Todd Bevins
Batting: RHB Nelson Wright 0-0: Called Strike
0-1: Ball
1-1: Ball
2-1: Ball
3-1: Foul Ball, location: 2F
3-2: Ground out 5-3 (Groundball, 56D)
Batting: RHB Kevin Wilson 0-0: Called Strike
0-1: Ball
1-1: Ball
2-1: Called Strike
2-2: Ground out 4-3 (Groundball, 4S)
Batting: RHB Juan García 0-0: Fly out, F7 (Flyball, 7)
Bottom of the 3rd over - 0 runs, 0 hits, 0 errors, 0 left on base; Eau Claire 5 - Chula Vista 1
TOP OF THE 4TH
Eau Claire Esquires batting - Pitching for Chula Vista Tacos : RHP Chet Miller
Batting: RHB Tom McBride 0-0: Foul Ball, location: 2F
0-1: Ball
1-1: Foul Ball, location: 2F
1-2: Ball
2-2: Ground out 5-3 (Groundball, 5)
Batting: SHB Paul Davenport 0-0: Ball
1-0: Ball
2-0: SOLO HOME RUN (Flyball, 9LD), Distance : 377 ft
Batting: RHB Silas Small 0-0: Foul Ball, location: 2F
0-1: Ball
1-1: Fly out, F4 (Line Drive, 4)
Batting: LHB Matt Taylor 0-0: Called Strike
0-1: Swinging Strike
0-2: Ball
1-2: Ball
2-2: SINGLE (Line Drive, 89S)
Pitching: RHP Kevin Compton
Batting: RHB Kyle McIntyre 0-0: Ball
1-0: SINGLE (Line Drive, 34D)
Matt Taylor to second
Runner from 2nd tries for 3rd, SAFE, no throw
Batting: LHB Will Rhodes 0-0: Ball
1-0: Ball
2-0: Foul Ball, location: 2F
2-1: Ball
3-1: Called Strike
3-2: Base on Balls
Kyle McIntyre to second
Batting: LHB Steve Arnold 0-0: Fly out, F2 (Popup, 15S)
Top of the 4th over - 1 run, 3 hits, 0 errors, 3 left on base; Eau Claire 6 - Chula Vista 1
BOTTOM OF THE 4TH
Chula Vista Tacos batting - Pitching for Eau Claire Esquires : RHP Todd Bevins
Batting: RHB Barrett Barr 0-0: Ball
1-0: Ball
2-0: Swinging Strike
2-1: Swinging Strike
2-2: Strikes out swinging
Batting: LHB Jean Beauchemin 0-0: Called Strike
0-1: SOLO HOME RUN (Flyball, 9LD), Distance : 370 ft
Batting: RHB Guillermo Deleón 0-0: Called Strike
0-1: Ground out 5-3 (Groundball, 5)
Batting: RHB Gonzalo García 0-0: Called Strike
0-1: Ball
1-1: SOLO HOME RUN (Flyball, 7D), Distance : 385 ft
Batting: LHB Dale Miller 0-0: Called Strike
0-1: DOUBLE (Flyball, 89D)
Batting: RHB Miguel Murillo 0-0: Called Strike
0-1: Ball
1-1: Ball
2-1: 2-RUN HOME RUN (Flyball, 7LD), Distance : 362 ft
Batting: RHB Nelson Wright 0-0: Ball
1-0: Foul Ball, location: 2F
1-1: Ground out 1-3 (Groundball, 13)
Bottom of the 4th over - 4 runs, 4 hits, 0 errors, 0 left on base; Eau Claire 6 - Chula Vista 5
TOP OF THE 5TH
Eau Claire Esquires batting - Pitching for Chula Vista Tacos : RHP Kevin Compton
Batting: LHB Caleb Ruíz 0-0: Ball
1-0: Foul Ball, location: 2F
1-1: Swinging Strike
1-2: Foul Ball, location: 2F
1-2: Foul Ball, location: 2F
1-2: Ball
2-2: Strikes out swinging
Batting: LHB Johnny Foley 0-0: Ball
1-0: Called Strike
1-1: Called Strike
1-2: Ball
2-2: Foul Ball, location: 2F
2-2: Ball
3-2: Strikes out swinging
Batting: RHB Tom McBride 0-0: Called Strike
0-1: Ball
1-1: Swinging Strike
1-2: SINGLE (Flyball, 8LM)
Batting: SHB Paul Davenport 0-0: Called Strike
0-1: Ball
1-1: Ball
2-1: Fly out, F8 (Flyball, 8RM)
Top of the 5th over - 0 runs, 1 hit, 0 errors, 1 left on base; Eau Claire 6 - Chula Vista 5
BOTTOM OF THE 5TH
Chula Vista Tacos batting - Pitching for Eau Claire Esquires : RHP Todd Bevins
Batting: RHB Kevin Wilson 0-0: Called Strike
0-1: Ball
1-1: Ground out 5-3 (Groundball, 56)
Batting: RHB Juan García 0-0: Ball
1-0: Swinging Strike
1-1: Foul Ball, location: 2F
1-2: Foul Ball, location: 2F
1-2: Ball
2-2: SINGLE (Line Drive, 4MD)
Batting: RHB Barrett Barr 0-0: Called Strike
0-1: Ball
1-1: Called Strike
1-2: Foul Ball, location: 2F
1-2: Foul Ball, location: 2F
1-2: Strikes out swinging
Batting: LHB Jean Beauchemin 0-0: Foul Ball, location: 2F
0-1: Ground out 3-1 (Groundball, 34S)
Bottom of the 5th over - 0 runs, 1 hit, 0 errors, 1 left on base; Eau Claire 6 - Chula Vista 5
TOP OF THE 6TH
Eau Claire Esquires batting - Pitching for Chula Vista Tacos : RHP Kevin Compton
Batting: RHB Silas Small 0-0: Ball
1-0: Ground out 4-3 (Groundball, 34)
Batting: LHB Matt Taylor 0-0: Called Strike
0-1: SINGLE (Flyball, 89S)
Batting: RHB Kyle McIntyre 0-0: Called Strike
Matt Taylor is caught stealing 2nd base
0-1: Foul Ball, location: 2F
0-2: Ball
1-2: Strikes out looking
Top of the 6th over - 0 runs, 1 hit, 0 errors, 0 left on base; Eau Claire 6 - Chula Vista 5
BOTTOM OF THE 6TH
Chula Vista Tacos batting - Pitching for Eau Claire Esquires : RHP Todd Bevins
Pitching: RHP Eugene Johnston
Batting: RHB Guillermo Deleón 0-0: Swinging Strike
0-1: Ball
1-1: Swinging Strike
1-2: Strikes out swinging
Batting: RHB Gonzalo García 0-0: Called Strike
0-1: Foul Ball, location: 2F
0-2: Ball
1-2: Ball
2-2: Ball
3-2: Strikes out looking
Batting: LHB Dale Miller 0-0: Ball
1-0: Swinging Strike
1-1: Foul Ball, location: 2F
1-2: Strikes out swinging
Bottom of the 6th over - 0 runs, 0 hits, 0 errors, 0 left on base; Eau Claire 6 - Chula Vista 5
TOP OF THE 7TH
Eau Claire Esquires batting - Pitching for Chula Vista Tacos : RHP Kevin Compton
Batting: LHB Will Rhodes 0-0: Called Strike
0-1: Ball
1-1: Foul Ball, location: 2F
1-2: Ball
2-2: Strikes out swinging
Batting: LHB Steve Arnold 0-0: Called Strike
0-1: Ball
1-1: Fly out, F7 (Flyball, 7S)
Batting: LHB Caleb Ruíz 0-0: Called Strike
0-1: Foul Ball, location: 2F
0-2: Hit by Pitch
Batting: LHB Johnny Foley 0-0: Ball
1-0: Ball
2-0: Called Strike
2-1: Ball
3-1: Called Strike
3-2: Foul Ball, location: 2F
3-2: Base on Balls
Caleb Ruíz to second
Pitching: RHP Ron Davis
Batting: RHB Tom McBride 0-0: Called Strike
0-1: Foul Ball, location: 2F
0-2: Foul Ball, location: 2F
0-2: Strikes out swinging
Top of the 7th over - 0 runs, 0 hits, 0 errors, 2 left on base; Eau Claire 6 - Chula Vista 5
BOTTOM OF THE 7TH
Chula Vista Tacos batting - Pitching for Eau Claire Esquires : RHP Eugene Johnston
Batting: RHB Miguel Murillo 0-0: Ball
1-0: Called Strike
1-1: Ball
2-1: Ball
3-1: Foul Ball, location: 2F
3-2: Base on Balls
Batting: RHB Nelson Wright 0-0: Ball
1-0: Sac Bunt - play at first, batter safe!
Miguel Murillo to second
Batting: RHB Kevin Wilson 0-0: Called Strike
0-1: Ball
1-1: Ball
2-1: Swinging Strike
2-2: Foul Ball, location: 2F
2-2: Ball
3-2: Strikes out swinging
Batting: RHB Juan García 0-0: Ball
1-0: Ball
2-0: Ball
3-0: Base on Balls
Miguel Murillo to third
Nelson Wright to second
Batting: RHB Barrett Barr 0-0: Ball
1-0: Ball
2-0: Fly out, F4 (Line Drive, 4MD)
Lined into DP, 4-6 (Line Drive, 4MD)
Bottom of the 7th over - 0 runs, 1 hit, 0 errors, 2 left on base; Eau Claire 6 - Chula Vista 5
TOP OF THE 8TH
Eau Claire Esquires batting - Pitching for Chula Vista Tacos : RHP Ron Davis
Batting: SHB Paul Davenport 0-0: Ball
1-0: Ball
2-0: DOUBLE (Line Drive, 78D)
Pinch Hitting: RHB River Cunningham 0-0: Foul Ball, location: 2F
0-1: Ball
1-1: Fly out, F8 (Flyball, 8RD)
Batting: LHB Matt Taylor 0-0: Intentional Walk
Pinch Hitting: RHB Cipriano Salas 0-0: Ball
1-0: Called Strike
1-1: Swinging Strike
Passed Ball!
Paul Davenport to third
Matt Taylor to second
1-2: Ball
2-2: Ball
3-2: Foul Ball, location: 2F
3-2: Base on Balls
Batting: LHB Will Rhodes 0-0: Called Strike
0-1: Called Strike
0-2: GRAND SLAM HOME RUN (Line Drive, 9LD), Distance : 379 ft
Pitching: LHP Craig Grant
Batting: LHB Steve Arnold 0-0: Ball
1-0: Foul Ball, location: 2F
1-1: Foul Ball, location: 2F
1-2: Fly out, F9 (Flyball, 9LS)
Batting: LHB Caleb Ruíz 0-0: Ball
1-0: Ball
2-0: Reached via error on a dropped throw, E1
Batting: LHB Johnny Foley 0-0: Ball
1-0: Ball
2-0: Foul Ball, location: 2F
2-1: Swinging Strike
2-2: Ball
3-2: Base on Balls
Caleb Ruíz to second
Batting: RHB Tom McBride 0-0: Foul Ball, location: 2F
0-1: Swinging Strike
0-2: Fly out, F8 (Flyball, 8LD)
Top of the 8th over - 4 runs, 2 hits, 1 error, 2 left on base; Eau Claire 10 - Chula Vista 5
BOTTOM OF THE 8TH
Chula Vista Tacos batting - Pitching for Eau Claire Esquires : RHP Eugene Johnston
Now at 3B: River Cunningham
Now at SS: Cipriano Salas
Batting: LHB Jean Beauchemin 0-0: Ball
1-0: Called Strike
1-1: Called Strike
1-2: Ball
2-2: Ball
3-2: Foul Ball, location: 2F
3-2: Foul Ball, location: 2F
3-2: Fly out, F8 (Flyball, 78D)
Batting: RHB Guillermo Deleón 0-0: Ball
1-0: Called Strike
1-1: SOLO HOME RUN (Flyball, 7LD), Distance : 374 ft
Batting: RHB Gonzalo García 0-0: Ground out 5-3 (Groundball, 25)
Batting: LHB Dale Miller 0-0: Ball
1-0: Foul Ball, location: 2F
1-1: Foul Ball, location: 2F
1-2: Foul Ball, location: 2F
1-2: Strikes out swinging, 2-3 out at first.
Bottom of the 8th over - 1 run, 1 hit, 0 errors, 0 left on base; Eau Claire 10 - Chula Vista 6
TOP OF THE 9TH
Eau Claire Esquires batting - Pitching for Chula Vista Tacos : LHP Craig Grant
Batting: SHB Paul Davenport 0-0: Ball
1-0: Called Strike
1-1: Foul Ball, location: 2F
1-2: Ball
2-2: Ball
3-2: Base on Balls
Batting: RHB River Cunningham 0-0: Grounds into double play, 5-4-3 (Groundball, 5)
Batting: LHB Matt Taylor 0-0: Swinging Strike
0-1: Ball
1-1: Swinging Strike
1-2: Foul Ball, location: 2F
1-2: DOUBLE (Flyball, 8LD)
Batting: RHB Cipriano Salas 0-0: Ball
1-0: Ball
2-0: Ball
3-0: Base on Balls
Batting: LHB Will Rhodes 0-0: Foul Ball, location: 2F
0-1: Foul Ball, location: 2F
0-2: Ball
1-2: Ground out 5-3 (Groundball, 56S)
Top of the 9th over - 0 runs, 1 hit, 0 errors, 2 left on base; Eau Claire 10 - Chula Vista 6
BOTTOM OF THE 9TH
Chula Vista Tacos batting - Pitching for Eau Claire Esquires : RHP Eugene Johnston
Pitching: RHP Tim Horton
Batting: RHB Miguel Murillo 0-0: Foul Ball, location: 2F
0-1: Foul Ball, location: 2F
0-2: Ball
1-2: Hit by Pitch
Batting: RHB Nelson Wright 0-0: Foul Ball, location: 2F
0-1: Foul Ball, location: 2F
0-2: Fly out, F5 (Line Drive, 6)
Batting: RHB Kevin Wilson 0-0: Called Strike
0-1: Foul Ball, location: 2F
0-2: Strikes out swinging
Batting: RHB Juan García 0-0: Ball
1-0: Ball
2-0: Called Strike
2-1: Called Strike
2-2: Foul Ball, location: 2F
2-2: Foul Ball, location: 2F
2-2: Foul Ball, location: 2F
2-2: Ball
3-2: Base on Balls
Miguel Murillo to second
Batting: RHB Barrett Barr 0-0: Ball
1-0: Ball
2-0: Ball
3-0: Base on Balls
Miguel Murillo to third
Juan García to second
Batting: LHB Jean Beauchemin 0-0: TRIPLE (Flyball, 7D)
Miguel Murillo scores
Juan García scores
Barrett Barr scores
Pinch Hitting: RHB José Isla 0-0: Fly out, F3 (Popup, 23F)
Bottom of the 9th over - 3 runs, 1 hit, 0 errors, 1 left on base; Eau Claire 10 - Chula Vista 9
Saturday, April 7th, 2018 - OOTP Baseball 18.8 Build 76